 Dungeon Crawl Stone Soup version 0.27.1-2-g3b301248ec (webtiles) character file.

Game seed: 15263144148179707101

5 Descartes the Sneak (level 1, 0/10 HPs)
             Began as a Felid Delver on Oct 2, 2021.
             Slain by an orc (7 damage)
             ... on level 4 of the Dungeon.
             The game lasted 00:00:19 (47 turns).

Descartes the Sneak (Felid Delver)                    Turns: 47, Time: 00:00:20

Health: 0/10       AC:  1    Str:  8    XL:     1   Next: 66%
Magic:  2/2        EV: 17    Int: 11    God:
Gold:   0          SH:  0    Dex: 17    Spells: 0/0 levels left
                                        Lives:  0   Deaths: 0

rFire    . . .     SeeInvis +     - Unarmed
rCold    . . .     Faith    .   (shield unavailable)
rNeg     . . .     Spirit   .   (armour unavailable)
rPois    .         Reflect  .   (helmet unavailable)
rElec    .         Harm     .   (cloak unavailable)
rCorr    .         Rampage  .   (gloves unavailable)
Will     .....                  (boots unavailable)
Stlth    ++++......             f - amulet of magic regeneration
HPRegen  0.03/turn              (no ring)
MPRegen  0.33/turn              (no ring)

@: quick
A: very small, claws 1, fangs 3, see invisible, speed 1, shaggy fur 1, stealthy
paws, no weapons or thrown items, no armour, multi-lived
a: no special abilities


You were on level 4 of the Dungeon.
You visited 1 branch of the dungeon, and saw 2 of its levels.

Inventory:

Jewellery
 f - an amulet of magic regeneration (around neck)
Wands
 e - a wand of digging (3)
Scrolls
 a - a scroll of fog
 b - a scroll of magic mapping
 c - a scroll of fear
Potions
 d - a potion of haste


   Skills:
 + Level 3.0 Fighting
 + Level 2.7 Dodging
 + Level 6.9 Stealth
 + Level 2.0 Unarmed Combat


You couldn't memorise any spells.
You didn't know any spells.
Your spell library was empty.

Dungeon Overview and Level Annotations

Branches:
Dungeon (5/15)
 Temple: D:4-7

Altars:


Innate Abilities, Weirdness & Mutations

You have sharp claws.
You have razor-sharp teeth.
You have supernaturally acute eyesight. (SInv)
You cover ground quickly. (Speed+)
You are covered in fur. (AC +1)
Your paws help you pounce on unaware monsters.
You are incapable of wielding weapons or throwing items.
You cannot wear armour.
You gain extra lives every three experience levels.


Message History

The giant cockroach is almost dead.
The giant cockroach closely misses you.
You scratch the giant cockroach but do no damage.
The giant cockroach is almost dead.
The giant cockroach barely misses you.
You scratch the giant cockroach.
You kill the giant cockroach!
No target in view!
No target in view!
No target in view!
No target in view!
No target in view!
No target in view!
No target in view!
An orc comes into view. It is wielding a +0 mace.
An orc comes into view. It is wielding a +0 mace.
You see here a +0 trident.
The orc shouts! x2
An orc comes into view. It is wielding a +0 morningstar.
The orc shouts!
You scratch the orc.
The orc is moderately wounded.
The orc closely misses you.
You scratch the orc. You bite the orc, but do no damage.
The orc is almost dead.
The orc closely misses you.
You scratch the orc.
You kill the orc!
The orc misses you.
You scratch the orc.
The orc is lightly wounded.
The orc hits you with a +0 mace. The orc completely misses you.
You scratch the orc.
You kill the orc!
The orc barely misses you.
You scratch the orc. Your bite misses the orc.
The orc is lightly wounded.
The orc hits you with a +0 mace!
Ouch! That really hurt!
You die...

##+## ##...##
##.....##
##.......##
#.....).).####.
+......@o.'....
#.......>.####.
##....)..##
####.....##
........##
######..# #..#
#.†# #..#


You could see an orc.

Vanquished Creatures
  2 orcs (D:4)
  A giant cockroach (D:4)
3 creatures vanquished.

Notes
Turn   | Place    | Note
-------+----------+-------------------------------------------
     0 | D:5      | Descartes the Felid Delver began the quest for the Orb.
     0 | D:5      | Reached XP level 1. HP: 10/10 MP: 2/2
    47 | D:4      | Slain by an orc

Illustrated notes

Levels and vault maps discovered:
D:4:      layout_loops_corners, nicolae_overflow_hidden_temple,
          mainiacjoe_overflow_24_doors, minmay_temple_entry_stoned_glass,
          serial_bayou_ford_a, uniq_menkaure, uniq_blork_the_orc, uniq_sigmund,
          uniq_duvessa
D:5:      kennysheep_slugbush, layout_rooms, zin_academy

Action                   || total
-------------------------++-------
Melee: Unarmed           ||    13
       Bite              ||     1
Dodge: Dodged            ||    10
